Map: Ulrena

Players

ILLBdA - Winner!

  • Race: Protoss Protoss
  • League: Diamond

성대사랑

  • Race: Zerg Zerg
  • League: Diamond

VOD

Have the link to the VOD?

Description

Time

  • Played on: Dec. 30, 2015, 6:31 a.m.
  • Length: 9:08
Show
View Real Time Build Order
Export as new Build Order

ILLBdA Protoss - Winner!

Build Orders: Cannon Rush 

Get SALT Encoding   

  12  0:00  Probe (Chrono Boost)  
  13  0:11  Probe (Chrono Boost)  
  14  0:18  Pylon  
  14  0:22  Probe (Chrono Boost)  
  15  0:36  Probe (Chrono Boost)  
  15  0:40  Forge  
  16  0:47  Probe (Chrono Boost)  
  17  0:57  Probe (Chrono Boost)  
  18  1:04  Pylon  
  18  1:08  Probe (Chrono Boost)  
  19  1:18  Probe (Chrono Boost)  
  19  1:25  Photon Cannon  
  20  1:26  Pylon  
  20  1:27  Pylon  
  20  1:30  Photon Cannon  
  20  1:38  Photon Cannon  
  20  1:46  Photon Cannon  
  20  2:02  Photon Cannon  
  20  2:04  Photon Cannon  
  20  2:26  Probe (Chrono Boost)  
  20  2:28  Gateway  
  21  2:32  Assimilator  
  22  2:37  Probe (Chrono Boost), Assimilator  
  22  2:41  Pylon, Photon Cannon  
  22  2:47  Probe (Chrono Boost)  
  23  3:11  Probe (Chrono Boost), Photon Cannon  
  24  3:18  Cybernetics Core  
  24  3:20  Zealot (Chrono Boost)  
  24  3:22  Gateway  
  24  3:25  Probe (Chrono Boost)  
  27  3:37  Probe  
  28  3:54  Mothership Core  
  30  4:01  Adept (Chrono Boost)  
  32  4:05  Robotics Facility  
  32  4:18  Sentry (Chrono Boost)  
  34  4:32  Nexus  
  34  4:41  Pylon  
  34  4:44  Sentry (Chrono Boost)  
  36  4:53  Immortal (Chrono Boost)  
  38  5:01  Gateway  
  38  5:02  Adept  
  38  5:04  Gateway  
  40  5:13  Sentry, Pylon  
  42  5:24  Probe  
  43  5:32  Warp Gate (Chrono Boost)  
  43  5:51  Probe  
  43  5:54  Probe  
  45  5:57  Sentry  
  45  6:03  Immortal (Chrono Boost)  
  51  6:10  Pylon  
  51  6:15  Gateway  
  51  6:16  Probe  
  51  6:17  Probe, Pylon  
  53  6:21  Photon Cannon  
  53  6:27  Probe  
  53  6:29  Probe  
  55  6:37  Warp Prism (Chrono Boost)  
  55  6:38  Probe  
  58  6:42  Probe  
  58  6:44  Protoss Ground Weapons Level 1  
  59  6:48  Probe  
  59  6:54  Probe  
  61  6:59  Probe  
  62  7:06  Probe  
  63  7:09  Gateway  
  63  7:10  Pylon  
  63  7:12  Gateway  
  67  7:16  Observer  
  64  7:30  Probe  
  64  7:33  Pylon  
  64  7:34  Pylon  
  65  7:40  Adept x2  
  65  7:41  Sentry  
  65  7:42  Sentry  
  73  7:50  Immortal  
  77  8:01  Adept  
  79  8:06  Zealot  
  75  8:20  Zealot x2  
  75  8:21  Zealot x3  
  81  8:31  Assimilator  
  81  8:33  Assimilator  
  85  8:37  Zealot  
  85  8:40  Sentry  
  89  8:43  Pylon  
  88  8:54  Probe  
  89  8:56  Probe  
  89  8:59  Sentry  
  91  9:03  Zealot  
  91  9:04  Zealot x3  
Show
View Real Time Build Order
Export as new Build Order

성대사랑 Zerg 

Build Orders: 3 Hatch before Pool 

Get SALT Encoding   

  12  0:01  Drone  
  13  0:12  Overlord  
  13  0:19  Drone  
  14  0:32  Drone x2  
  17  0:35  Drone  
  17  0:53  Hatchery  
  17  0:55  Drone  
  17  1:03  Drone  
  18  1:25  Hatchery  
  17  1:39  Drone  
  18  1:40  Drone  
  18  2:03  Drone x2  
  18  2:04  Spawning Pool  
  17  2:42  Drone  
  18  2:52  Zergling x6  
  18  2:53  Zergling x6  
  18  2:56  Zergling x2  
  24  3:05  Zergling x4  
  21  3:19  Zergling x4  
  19  3:23  Drone  
  17  3:32  Drone  
  15  3:42  Drone  
  15  3:47  Drone  
  17  3:54  Drone  
  18  3:59  Drone  
  18  4:00  Drone  
  20  4:08  Drone  
  20  4:09  Drone  
  21  4:14  Drone  
  22  4:27  Roach Warren, Extractor  
  18  4:36  Queen  
  20  4:41  Queen  
  20  4:42  Zergling x2  
  24  4:46  Zergling x2  
  24  4:50  Zergling x2  
  24  4:52  Zergling x2  
  26  5:03  Zergling x2  
  26  5:05  Overlord  
  27  5:13  Roach Warren  
  26  5:21  Drone  
  27  5:26  Spine Crawler  
  26  5:30  Spine Crawler  
  26  5:31  Drone  
  26  5:34  Drone  
  27  5:49  Lair  
  28  5:51  Overlord  
  28  6:06  Overlord  
  28  6:23  Drone x7  
  28  6:25  Drone  
  36  6:33  Metabolic Boost  
  36  6:39  Drone x2  
  38  6:59  Drone x2, Extractor  
  38  7:00  Drone x2  
  38  7:01  Drone x3  
  44  7:11  Overlord  
  44  7:13  Hydralisk Den  
  44  7:14  Overlord  
  43  7:28  Drone  
  43  7:29  Overlord  
  44  7:34  Zergling x4  
  44  7:35  Zergling x6  
  49  7:44  Zergling x12  
  49  7:45  Zergling x2  
  49  7:50  Hydralisk  
  54  7:55  Hydralisk  
  54  8:02  Hydralisk  
  54  8:05  Overlord  
  54  8:37  Drone x2, Extractor  
  54  8:38  Drone  
  54  8:41  Spore Crawler  
  52  8:45  Extractor  
  52  8:46  Drone x2  
  52  8:47  Drone x2  
  52  8:48  Extractor  
Tags
 
Add a new tag
Caveats
  • Supply blocks, unpowered buildings, or Contaminate may cause inaccurate times.
  • Supply counts are checked every 10 seconds.